AoeStats
← MDMA!

Migration

510124287Analyzed
1v1 RM · 2d ago on Sep 29, 2026· 124m 16s· 2 players
Game mode
Random Map
Map size
132×132
Population
200
Speed
Normal
Resources
Standard
Victory
Conquest
Starting age
Dark Age
Ending age
Imperial Age
RankedLock teamsTeams togetherTeam positionsShared explorationLock speedFull tech treeHidden civsTurbo modeCheats
Victory
Defeat
🇦🇷 Magyars · Argentina
937
+15
913
-15
jochinmiriosbarrios
10:59 Feudal Age
14:38 Loom
15:29 Wheelbarrow
14:42 Double-Bit Axe
16:38 Gold Mining
19:47 Castle Age
20:55 Hand Cart
20:54 Bow Saw
21:38 Gold Shaft Mining
22:27 Ballistics
25:21 Horse Collar
29:44 Stone Mining
30:54 Pikeman
32:32 Fletching
32:52 Forging
32:43 Scale Mail Armor
34:48 Murder Holes
34:34 Treadmill Crane
38:39 Imperial Age
38:43 Iron Casting
38:03 Bodkin Arrow
38:09 Padded Archer Armor
40:12 Stone Shaft Mining
39:09 Halberdier
41:09 Medium Warships
40:40 Fishing Lines
42:13 Bracer
42:28 Leather Archer Armor
43:31 Chemistry
42:02 Heavy Camel Rider
44:07 Gillnets
45:51 Fortified Wall
46:57 Siphons
48:59 Heavy Warships
49:33 Demolition Ship
54:01 Scale Barding Armor
62:12 Chain Mail Armor
61:42 Heavy Demolition Ship
70:20 Redemption
70:26 Block Printing
73:32 Plate Mail Armor
73:33 Ring Archer Armor
73:27 Fervor
76:32 Conscription
77:54 Capped Ram
78:21 Elite Varangian Guard
80:17 Chain Barding Armor
81:13 Husbandry
80:33 Light Cavalry
84:08 Two-Man Saw
82:43 Hussar
85:52 Theocracy
87:44 Siege Ram
87:55 Elite Skirmisher
88:40 Thumb Ring
95:18 Heavy Plow
97:20 Onager
MDMA!
6:31 Loom
10:26 Feudal Age
12:22 Double-Bit Axe
21:58 Castle Age
21:27 Scale Barding Armor
21:08 Horse Collar
23:05 Chain Barding Armor
23:06 Bow Saw
24:54 Bloodlines
24:45 Husbandry
26:24 Wheelbarrow
29:10 Hand Cart
29:29 Demolition Ship
34:01 Imperial Age
35:31 Cavalier
37:29 Paladin
39:45 Plate Barding Armor
39:58 Conscription
41:56 Fletching
42:45 Medium Warships
44:02 Heavy Warships
43:34 Bodkin Arrow
43:40 Padded Archer Armor
46:12 Gold Mining
46:13 Stone Mining
49:13 Siege Engineers
49:03 Murder Holes
49:58 Bracer
69:57 Heavy Scorpion
79:10 Light Cavalry
81:44 Hussar
83:00 Padded Archer Armor
83:24 Elite Skirmisher
90:04 Pikeman
95:37 Capped Ram
Connection lost

Rejoining the realm…

Still unreachable

The connection could not be restored.

Session expired

The server has moved on; the page needs a fresh start.